 Seeded DCSS version 0.30.1-9-gdf580d7c3d (webtiles) character file.

Game seed: 7229806256980976716 (custom seed)

1116 Psyclone the Geomancer (level 8, 45/57 HPs)
             Began as a Meteoran Earth Elementalist on Oct 16, 2023.
             Quit the game on level 4 of the Dungeon.
             The game lasted 00:04:50 (1471 turns).

Psyclone the Geomancer (MeEE)                       Turns: 1471, Time: 00:04:51

Health: 45/57      AC:  5    Str:  8    XL:     8   Next: 91%
Magic:  20/20      EV: 12    Int: 22    God:
Gold:   3861       SH:  0    Dex: 15    Spells: 16/22 levels left

rFire   . . .        (no weapon)
rCold   . . .        (no shield)
rNeg    . . .        a - +0 robe
rPois   .            (helmet restricted)
rElec   .            (no cloak)
rCorr   .            n - +0 pair of gloves
SInv    .            (no boots)
Will    +....        (no amulet)
Stlth   +            (no ring)
HPRegen 0.29/turn    (no ring)
MPRegen 0.17/turn

%: no passive effects
@: glowing
A: sense surroundings 1, otherworldly, glowing, explore regen, fangs 1, horns 1,
iridescent scales 1, clever 1, MP-powered wands, noise suppression
a: no special abilities


You were on level 4 of the Dungeon.
You visited 1 branch of the dungeon, and saw 4 of its levels.
You also visited: Ossuary.

You collected 3861 gold pieces.

Inventory:

Missiles
 d - a throwing net {!f}
Armour
 a - a +0 robe (worn)
 n - a +0 pair of gloves (worn)
Scrolls
 c - 3 scrolls of amnesia {unknown}
 e - 3 scrolls of identify {unknown}
 f - 2 scrolls of blinking {unknown}
 h - 2 scrolls of enchant armour {unknown}
 l - a scroll of poison {unknown}
 o - 3 scrolls of vulnerability {unknown}
 p - a scroll of fog {unknown}
 r - a scroll of butterflies {unknown}
 t - 2 scrolls of silence {unknown}
 w - 2 scrolls of magic mapping {unknown}
Potions
 b - a potion of magic
 g - 2 potions of might {unknown}
 i - 4 potions of curing {unknown}
 j - a potion of invisibility {unknown}
 k - a potion of brilliance {unknown}
 m - a potion of mutation
 q - 3 potions of attraction {unknown}
 s - a potion of berserk rage {unknown}
 u - a potion of ambrosia {unknown}
 v - a potion of degeneration {unknown}


   Skills:
 - Level 2.4 Dodging
 - Level 1.4 Stealth
 * Level 7.7 Spellcasting
 + Level 5.1 Transmutations
 * Level 8.1 Earth Magic


You had 16 spell levels left.
You knew the following spells:

 Your Spells              Type           Power      Damage    Failure   Level
a - Sandblast             Erth           88%        2d18      1%          1
b - Passwall              Tmut/Erth      30%        N/A       1%          2
c - Stone Arrow           Conj/Erth      52%        3d10      4%          3

Your spell library contained the following spells:

 Spells                   Type           Power      Damage    Failure   Level
 Petrify                  Tmut/Erth      37%        N/A       4%          4
 Cigotuvi's Dreadful Rot  Necr/Pois/Air  16%        N/A       12%         2
 Poisonous Vapours        Pois/Air       16%        N/A       12%         2
 Mephitic Cloud           Conj/Pois/Air  8%         N/A       22%         3
 Dispel Undead            Necr           8%         3d8       58%         4
 Freezing Cloud           Conj/Ice/Air   4%         6-21      91%         5
 Death Channel            Necr           4%         N/A       100%        6


Dungeon Overview and Level Annotations

Branches:
Dungeon (4/15) Zot: 1445   Temple (0/1) D:4         Ossuary (visited)

Altars:
Elyvilon
Qazlal
The Shining One

Annotations:
D:3 3 runed translucent doors


Innate Abilities, Weirdness & Mutations

You passively map a small area around you.
You are easily found by Zot.
You glow in the dark.
You regain HP and MP as you explore.
You have very sharp teeth.
You have a pair of small horns on your head.
You are partially covered in iridescent scales. (AC +2)
Your mind is acute. (Int +4, Str/Dex -1)
You expend magic power (3 MP) to strengthen your wands.
You passively dampen the noise of your surroundings.


Message History

Press: ? - help, Shift-Dir - straight line, f/p - wyvern zombie
Aim: a wyvern zombie (almost destroyed, 95% to hit)
The blast of sand hits the wyvern zombie!!
You destroy the wyvern zombie!
You open the door.
A howler monkey zombie comes into view.
You have lingered too long.
Zot senses you.
Dive deeper or flee this branch before you suffer!
Casting: Sandblast (safe; 1% risk of failure)
Confirm with . or Enter, or press ? or * to list all spells.
Aiming: Sandblast (safe; 1% risk of failure)
Press: ? - help, Shift-Dir - straight line, f - howler monkey zombie
Aim: a howler monkey zombie (93% to hit)
The blast of sand hits the howler monkey zombie!!
The howler monkey zombie is almost destroyed.
The howler monkey zombie hits you.
* * * LOW HITPOINT WARNING * * *
You take 1 damage, and have 17/57 hp.
You now have 9/20 mp.
Casting: Sandblast (safe; 1% risk of failure)
Confirm with . or Enter, or press ? or * to list all spells.
Aiming: Sandblast (safe; 1% risk of failure)
Press: ? - help, Shift-Dir - straight line, f/p - howler monkey zombie
Aim: a howler monkey zombie (almost destroyed, 93% to hit)
The blast of sand hits the howler monkey zombie!!
You destroy the howler monkey zombie!
You now have 8/20 mp.
There is an open door, spattered with blood here.
There is an empty arch of ancient stone here.
There is a gate leading back out of this place here.
Really rest while Zot is near? [Y]es or [N]o only, please.
Really rest while Zot is near?
Okay, then.
Zot draws nearer.
Dive deeper or flee this branch before you suffer!
MP restored: 20 Zot has nearly found you.
Suffering is imminent.
Descend or flee this branch!
Welcome back to the Dungeon!
You feel Zot lose track of you.
There is a collapsed entrance here.
Unknown command.
Unknown command.
Are you sure you want to abandon this character and quit the game? (Confirm with "yes".)

##.#.....# #..... ##........#
#..... ##..#......# #.....
#########..###.....# ##.....
..........## ##....# ##......
####..#..## + ##...#######.......
........#.......#..##............
#......###.....###..#.#####......
.....†## #...##@##..............
.....###+ ##.###'###..####.......
....$............................
....##....####...###.............
....#..##..# ##..###.######.>....
...........# #..##.(######>.#...
...##...##.# #..................
...##...##.# ##..##...#####.....<
....^......###.<.....## ##......


There were no monsters in sight!

Vanquished Creatures
  2 hornet zombies (Ossuary)
  A scorpion (D:4)
  2 wyvern zombies (Ossuary)
  2 water moccasin zombies (Ossuary)
  2 centaur zombies (Ossuary)
  3 bullfrog zombies (Ossuary)
  A jelly (D:2)
  A sleepcap (D:4)
  3 killer bee zombies (Ossuary)
  16 mummies
  2 howler monkey zombies (Ossuary)
  4 adders
  A worm (D:3)
  2 ball pythons
  2 bats
  An endoplasm (D:2)
  4 giant cockroaches
  2 goblins (D:4)
  4 hobgoblins
  6 jackals
  2 quokkas
  A frilled lizard (D:1)
  3 rats
67 creatures vanquished.

Notes
Turn   | Place    | Note
-------+----------+-------------------------------------------
     0 | D:1      | Psyclone the Meteoran Earth Elementalist began the quest
                  | for the Orb.
     0 | D:1      | Reached XP level 1. HP: 14/14 MP: 5/5
    64 | D:1      | Identified 3 scrolls of acquirement
    64 | D:1      | Acquired 1248 gold pieces
    65 | D:1      | Acquired 1275 gold pieces
    88 | D:1      | Acquired 1252 gold pieces
   159 | D:1      | Reached XP level 2. HP: 20/20 MP: 3/6
   193 | D:1      | Gained mutation: You are partially covered in iridescent
                  | scales. (AC +2) [potion of mutation]
   193 | D:1      | Gained mutation: You expend magic power (3 MP) to
                  | strengthen your wands. [potion of mutation]
   193 | D:1      | Gained mutation: You have hidden genetic potential. [potion
                  | of mutation]
   193 | D:1      | Gained mutation: You have great hidden genetic potential.
                  | [potion of mutation]
   282 | D:2      | Reached skill level 4 in Earth Magic
   301 | D:2      | Reached XP level 3. HP: 26/26 MP: 6/8
   325 | D:2      | Reached XP level 4. HP: 33/33 MP: 5/10
   328 | D:2      | Learned a level 2 spell: Passwall
   328 | D:2      | Gained mutation: You passively dampen the noise of your
                  | surroundings. [hidden potential]
   332 | D:2      | Learned a level 3 spell: Stone Arrow
   460 | D:3      | Found a runed translucent gate.
   460 | D:3      | Found a runed translucent gate.
   460 | D:3      | Found a runed translucent gate.
   527 | D:4      | Noticed a scorpion
   530 | D:4      | Found a white marble altar of Elyvilon.
   537 | D:4      | Killed a scorpion
   538 | D:4      | Reached skill level 5 in Earth Magic
   538 | D:4      | Reached XP level 5. HP: 36/38 MP: 6/12
   575 | D:4      | Found a glowing golden altar of the Shining One.
   723 | D:4      | Reached XP level 6. HP: 21/45 MP: 7/14
   756 | D:4      | Found a staircase to the Ecumenical Temple.
   765 | D:4      | Found a stormy altar of Qazlal.
   920 | D:4      | Found a sand-covered staircase.
   926 | Ossuary  | Entered an ossuary
   939 | Ossuary  | Reached skill level 5 in Spellcasting
   941 | Ossuary  | Gained mutation: You have a pair of small horns on your
                  | head. [hidden potential]
   941 | Ossuary  | Lost mutation: You have great hidden genetic potential.
                  | [hidden potential expressed]
   949 | Ossuary  | HP: 1/45 [wyvern zombie (6)]
  1047 | Ossuary  | Reached skill level 6 in Earth Magic
  1047 | Ossuary  | Reached XP level 7. HP: 24/50 MP: 13/16
  1058 | Ossuary  | Gained mutation: Your mind is acute. (Int +4, Str/Dex -1)
                  | [hidden potential]
  1227 | Ossuary  | Reached XP level 8. HP: 34/57 MP: 14/18
  1240 | Ossuary  | Reached skill level 7 in Earth Magic
  1260 | Ossuary  | Gained mutation: You have very sharp teeth. [hidden
                  | potential]
  1260 | Ossuary  | Lost mutation: You have hidden genetic potential. [hidden
                  | potential expressed]
  1332 | Ossuary  | Reached skill level 5 in Transmutations
  1342 | Ossuary  | Reached skill level 8 in Earth Magic
  1373 | Ossuary  | Glimpsed the power of Zot.
  1422 | Ossuary  | Glimpsed the power of Zot.
  1462 | Ossuary  | Glimpsed the power of Zot.
  1471 | D:4      | Quit the game

Illustrated notes

Levels and vault maps discovered:
D:1:      spicycebolla_arrival_ecumenical, layout_loops_ring
D:2:      layout_basic
D:3:      layout_rooms, mainiacjoe_overflow_paths, gammafunk_ghost_necromancy
D:4:      layout_rooms, tso_metal_star, mainiacjoe_overflow_catwalk,
          elyvilon_altar_5, minmay_temple_entry_stoned_glass,
          nicolae_ossuary_entry_giza, minmay_misc_feat_square, minivault_4

Skill      XL: |  1  2  3  4  5  6  7  8 |
---------------+-------------------------+-----
Spellcasting   | 3 4 5 6 7 |  7.7
Earth Magic    | 4 5 6 8 |  8.1
Transmutations | 2 3 4 5 |  5.1
Dodging        | |  2.4
Stealth        | |  1.4

Action                     |  1- 3 |  4- 6 |  7- 9 || total
---------------------------+-------+-------+-------++-------
  Melee: Unarmed           |       |     1 |     2 ||     3
         Headbutt          |       |       |     1 ||     1
   Cast: Sandblast         |    13 |    63 |    72 ||   148
         Passwall          |       |     5 |       ||     5
    Use: Scroll            |     3 |       |       ||     3
         Potion            |     1 |       |       ||     1
 Armour: Robe              |       |    16 |    18 ||    34
  Dodge: Dodged            |     1 |    18 |    22 ||    41
